 Dungeon Crawl Stone Soup version 0.24-a0-784-g601f8f6d22 (webtiles) character file.

Game seed: 6404395572068617456, levelgen mode: deterministic

7266 Peloso the Carver (level 10, -3/90 HPs)
             Began as a Minotaur Fighter on Oct 9, 2019.
             Was a High Priest of Okawaru.
             Slain by a manticore (12 damage)
             ... on level 9 of the Dungeon.
             The game lasted 00:20:27 (8799 turns).

Peloso the Carver (Minotaur Fighter)                Turns: 8799, Time: 00:20:28

Health: -3/90      AC: 14    Str: 22    XL:     10   Next: 89%
Magic:  0/9        EV:  8    Int:  5    God:    Okawaru [*****.]
Gold:   634        SH:  9    Dex: 12    Spells: 9/9 levels left

rFire    . . .     SeeInvis .   a - +0 long sword
rCold    . . .     Gourm    .   c - +3 warlock's mirror {reflect}
rNeg     . . .     Faith    .   r - +0 plate armour
rPois    .         Spirit   +   (helmet restricted)
rElec    .         Reflect  +   l - scarf {Spirit}
rCorr    .         Harm     .   (no gloves)
MR       +....                  (no boots)
Stlth    ..........             (no amulet)
HPRegen  0.25/turn              A - ring of wizardry
MPRegen  0.11/turn              J - ring of protection from magic

@: no status effects
A: retaliatory headbutt, horns 2
a: Heroism, Finesse, Renounce Religion


You were on level 9 of the Dungeon.
You worshipped Okawaru.
Okawaru was extremely pleased with you.
You were very hungry.

You visited 1 branch of the dungeon, and saw 10 of its levels.
You also visited: Ossuary.

You collected 634 gold pieces.

Inventory:

Hand Weapons
 a - a +0 long sword (weapon)
 H - a +2 whip of flaming
Armour
 b - a +0 scale mail
 c - the +3 warlock's mirror (worn) {reflect}
   (Okawaru gifted it to you on level 8 of the Dungeon)
 j - a +0 cloak
 l - a scarf of spirit shield (worn)
 r - a +0 plate armour (worn)
Jewellery
 A - a ring of wizardry (left hand)
 J - a ring of protection from magic (right hand)
Wands
 v - a wand of disintegration (13)
 D - a wand of polymorph (8)
 G - a wand of flame (24)
 I - a wand of random effects (19)
Scrolls
 h - 6 scrolls of remove curse
 k - a scroll of magic mapping
 n - 3 scrolls of enchant armour
 p - a scroll of identify
 q - 3 scrolls of enchant weapon
 t - 3 scrolls of random uselessness {unknown}
 u - 5 scrolls of teleportation {unknown}
 w - 4 scrolls of amnesia {unknown}
 x - a scroll of noise
 y - a scroll of fear
 z - 5 scrolls of fog {unknown}
Potions
 d - 2 potions of might
 e - 5 potions of curing
 g - 2 potions of ambrosia
 i - 2 potions of haste
 m - 2 potions of brilliance
 o - a potion of mutation
 s - 4 potions of flight
 E - a potion of heal wounds {unknown}
 F - 2 potions of agility {unknown}
Comestibles
 f - 13 rations


   Skills:
 + Level 8.7 Fighting
 + Level 12.0 Long Blades
 + Level 9.7 Armour
 + Level 3.2 Dodging
 + Level 0.8 Stealth
 + Level 10.4 Shields
 + Level 1.1 Invocations


You had 9 spell levels left.
You didn't know any spells.
Your spell library contained the following spells:

 Spells                   Type           Power        Failure   Level  Hunger
 Animate Skeleton         Necr           N/A          95%         1    ##.....
 Pain                     Necr           #...         95%         1    ##.....
 Regeneration             Chrm/Necr      #.........   100%        3    ####...
 Vampiric Draining        Necr           #.........   100%        3    ####...
 Animate Dead             Necr           N/A          100%        4    #####..


Dungeon Overview and Level Annotations

Branches:
Dungeon (10/15)            Temple (0/1) D:6         Ossuary (visited)
   Lair: D:8-11         Orc: D:9-12

Altars:
Cheibriados
Dithmenos
Elyvilon
Fedhas
Makhleb
Okawaru
Qazlal
Ru
Sif Muna
Wu Jian
Xom
Yredelemnul
The Shining One

Shops:
D:4 [

Annotations:
D:3 exclusion: oklob plant


Innate Abilities, Weirdness & Mutations

You reflexively headbutt those who attack you in melee.
You have a pair of horns on your head.


Message History

You feel better.
You carefully extract the barbed spikes from your body.
You block the scorpion's attack. The manticore closely misses you.
The manticore claws you.
* * * LOW HITPOINT WARNING * * *
You block the manticore's attack.
Unknown command.
You closely miss the manticore.
You headbutt the manticore, but do no damage.
The manticore is lightly wounded.
The scorpion barely misses you. You block the manticore's attack.
The manticore claws you.
* * * LOW HITPOINT WARNING * * *
The manticore barely misses you.
Unknown command.
You slash the manticore!
The manticore is moderately wounded.
The scorpion stings you but does no damage.
The manticore bites you!
You die...

)..## ###_## ....# #.(.≈##
....###### #####≈.≈.###
.#.......###..#.≈.≈##.###########
.##.#...[.....##≈.((#............
.##...........#.(.≈##.###########
..#...........##≈(≈(#.#
############..###(###.#
.....#....##...s@H(...##########
≈≈≈≈.'.##.##..........#........#
.....#..#.##.....(....#.######.#
#######.#.##...(.(....#.#..<.#.#
#.#.......#.....(....#.#.#..#.#
#.#.......#.....(....#.#.####.#
##.#.......#..........#.#......#
............>..#.##.###.#########
##.#.##.#......#.##.# #..........


You could see a manticore and a scorpion.

Vanquished Creatures
  Harold (D:7)
  A two-headed ogre (D:8)
  Pikel (D:7)
  A hippogriff (D:8)
  A wraith (D:9)
  4 yaks (D:9)
  3 hungry ghosts
  2 water moccasins
  An acid dragon (D:9)
  2 orc warriors
  A slave (D:7)
  3 sky beasts
  5 ogres
  4 ice beasts
  4 black bears
  A necrophage (D:10)
  2 centaurs
  A big kobold (D:9)
  5 bullfrogs
  2 scorpions
  A wight (D:10)
  A howler monkey (D:6)
  4 crimson imps
  2 centaur zombies
  3 bullfrog zombies
  4 hounds
  A human zombie (Ossuary)
  A bullfrog skeleton (D:5)
  2 centaur skeletons
  An iron imp (D:8)
  5 orc wizards
  4 worker ants
  A big kobold zombie (Ossuary)
  4 mummies (Ossuary)
  A howler monkey zombie (D:9)
  4 worker ant zombies
  4 gnolls
  5 adders
  4 shadow imps
  2 adder zombies
  2 adder skeletons
  2 worms
  A dart slug (D:1)
  6 leopard geckos
  18 orcs
  7 bats
  12 giant cockroaches
  9 goblins
  8 hobgoblins
  4 jackals (D:2)
  6 kobolds
  2 quokkas
  3 ball pythons (D:1)
  3 frilled lizards
  2 gnoll zombies (D:9)
  A goblin zombie (Ossuary)
  2 jackal skeletons
  3 jackal zombies (Ossuary)
  A kobold zombie (Ossuary)
  A leopard gecko skeleton (D:4)
  5 rats
  4 rat zombies (Ossuary)
201 creatures vanquished.

Vanquished Creatures (others)
  A goblin (D:9)
1 creature vanquished.

Grand Total: 202 creatures vanquished

Notes
Turn   | Place    | Note
-------+----------+-------------------------------------------
     0 | D:1      | Peloso the Minotaur Fighter began the quest for the Orb.
     0 | D:1      | Reached XP level 1. HP: 19/19 MP: 0/0
   284 | D:1      | Reached XP level 2. HP: 22/27 MP: 1/1
   369 | D:1      | Reached skill level 3 in Long Blades
   392 | D:1      | Reached XP level 3. HP: 28/33 MP: 2/2
  1099 | D:2      | Reached XP level 4. HP: 40/40 MP: 3/3
  1298 | D:2      | Found an iron altar of Okawaru.
  1306 | D:2      | Became a worshipper of Warmaster Okawaru
  1507 | D:3      | Found a blossoming altar of Fedhas.
  1535 | D:3      | Noticed an oklob plant
  2030 | D:4      | Reached XP level 5. HP: 22/47 MP: 2/4
  2083 | D:4      | Found a sand-covered staircase.
  2106 | Ossuary  | Entered an ossuary
  2114 | Ossuary  | Reached skill level 1 in Dodging
  2121 | Ossuary  | Reached skill level 5 in Shields
  2123 | Ossuary  | Reached skill level 4 in Long Blades
  2745 | D:4      | Reached skill level 5 in Armour
  2745 | D:4      | Reached XP level 6. HP: 41/55 MP: 2/5
  3046 | D:4      | Found Zerascha's Antique Armour Boutique.
  3176 | D:4      | Found an ornate altar of the Wu Jian Council.
  3190 | D:4      | Reached skill level 5 in Fighting
  3394 | D:5      | Entered Level 5 of the Dungeon
  3409 | D:5      | Reached * piety under Okawaru
  3614 | D:5      | Reached skill level 5 in Long Blades
  3673 | D:5      | Found a glowing golden altar of the Shining One.
  3676 | D:5      | Found a shimmering altar of Xom.
  3676 | D:5      | Found a sacrificial altar of Ru.
  3685 | D:5      | Reached XP level 7. HP: 54/61 MP: 6/6
  4127 | D:6      | Reached skill level 6 in Long Blades
  4247 | D:6      | Reached ** piety under Okawaru
  4354 | D:6      | Reached XP level 8. HP: 47/70 MP: 7/7
  4368 | D:6      | Reached skill level 7 in Long Blades
  4705 | D:6      | Reached *** piety under Okawaru
  4705 | D:6      | Reached skill level 8 in Long Blades
  4885 | D:6      | Found a staircase to the Ecumenical Temple.
  4937 | D:6      | Found a shimmering blue altar of Sif Muna.
  5145 | D:6      | Found a burning altar of Makhleb.
  5423 | D:7      | Noticed Pikel
  5477 | D:7      | Killed Pikel
  5477 | D:7      | Reached skill level 9 in Long Blades
  5477 | D:7      | Reached XP level 9. HP: 48/78 MP: 4/8
  5542 | D:7      | Noticed Harold
  5569 | D:7      | Killed Harold
  5569 | D:7      | Reached **** piety under Okawaru
  5791 | D:7      | Reached skill level 10 in Long Blades
  6114 | D:7      | Reached ***** piety under Okawaru
  6495 | D:8      | Noticed a two-headed ogre
  6506 | D:8      | Killed a two-headed ogre
  6506 | D:8      | Reached XP level 10. HP: 71/86 MP: 5/9
  6707 | D:8      | Received a gift from Okawaru
  6708 | D:8      | Found the +3 warlock's mirror {reflect}
  6818 | D:8      | Reached skill level 1 in Invocations
  6957 | D:8      | Found a shadowy altar of Dithmenos.
  7050 | D:8      | Found a white marble altar of Elyvilon.
  7050 | D:8      | Found a stormy altar of Qazlal.
  7139 | D:8      | Found a snail-covered altar of Cheibriados.
  7541 | D:9      | Reached skill level 10 in Shields
  7618 | D:9      | Reached skill level 11 in Long Blades
  7930 | D:9      | Found an iron altar of Okawaru.
  8020 | D:9      | Found a basalt altar of Yredelemnul.
  8294 | D:10     | Entered Level 10 of the Dungeon
  8328 | D:10     | Noticed a manticore
  8513 | D:8      | Reached skill level 12 in Long Blades
  8796 | D:9      | HP: 4/90 [manticore (12)]
  8799 | D:9      | Slain by a manticore

Levels and vault maps discovered:
D:1:      dpeg_arrival_pond, layout_basic, serial_park_tiny_1
D:2:      minmay_roachtagon, layout_loops_ring, nicolae_overflow_hidden_temple
D:3:      layout_rooms, tgw_fedhas
D:4:      layout_gridville, nicolae_overflow_crystal_walls, serial_shops,
          kennysheep_mini, first_ration, lightli_ossuary_entry_decrepit_ruins
D:5:      layout_rooms, grunt_temple_overflow_open
D:6:      layout_basic, lemuel_doored_altar, led_sif_pool,
          minmay_temple_entry_statues_fountains, minmay_alternating_orb
D:7:      layout_layer_cave, uniq_harold, uniq_pikel
D:8:      layout_loops_corners, kennysheep_little_box, slow_altar_2,
          gammafunk_temple_overflow_wave, serial_glass, glass_columns_b,
          glass_columns_c
D:9:      layout_basic, lemuel_zombie_altar_yredelemnul, dk_vineyard_2,
          minmay_crystal_room, okawaru_altar_gauntlet_db
D:10:     layout_rooms, david_lair_shrubbed, grunt_pizzeria

Skill      XL: |  1  2  3  4  5  6  7  8  9 10 |
---------------+-------------------------------+-----
Shields        | 4 5 6 8 9 10 | 10.4
Long Blades    | 3 4 5 6 9 10 12 | 12.0
Fighting       | 4 5 6 7 8 |  8.7
Armour         | 4 5 6 7 8 9 |  9.7
Dodging        | 1 2 3 |  3.2
Invocations    | 1 |  1.1
Stealth        | |  0.8

Action                   |  1- 3 |  4- 6 |  7- 9 | 10-12 || total
-------------------------+-------+-------+-------+-------++-------
Melee: Long sword        |    90 |   163 |   259 |   250 ||   762
       Headbutt          |    10 |    31 |    62 |    66 ||   169
Invok: Heroism           |       |       |     4 |     3 ||     7
  Use: Scroll            |     5 |     3 |     3 |     2 ||    13
       Potion            |     2 |     1 |       |     4 ||     7
  Eat: Chunk             |       |     5 |    10 |     4 ||    19
       Ration            |       |     1 |       |     2 ||     3
Armor: Scale mail        |    56 |    53 |    17 |       ||   126
       Plate armour      |       |       |    80 |   140 ||   220
Dodge: Dodged            |    30 |    63 |    51 |    68 ||   212
Block: Shield            |    61 |    85 |   118 |    21 ||   285
       Buckler           |       |       |       |   115 ||   115
       Reflection        |       |       |       |    12 ||    12
       Rpst.: Long sword |     8 |    14 |    16 |    19 ||    57

Table legend:
 A = Non-vault XP
 B = Vault XP
 C = Vault XP percentage of total XP
 D = Non-vault monster count
 E = Vault monster count
 F = Vault count percentage of total count
                 A         B        C        D         E       F
            +---------+---------+-------+---------+---------+-------
      Total |    7714 |    2666 |  25.7 |     156 |      45 |  22.4
            +---------+---------+-------+---------+---------+-------
        D:1 |      60 |       0 |   0.0 |      27 |       0 |   0.0
        D:2 |      29 |      18 |  38.3 |      10 |       9 |  47.4
        D:3 |      55 |       0 |   0.0 |      16 |       0 |   0.0
        D:4 |     170 |       0 |   0.0 |      11 |       0 |   0.0
        D:5 |     485 |       0 |   0.0 |      11 |       0 |   0.0
        D:6 |     645 |     745 |  53.6 |      15 |       9 |  37.5
        D:7 |     730 |    1691 |  69.8 |      14 |       2 |  12.5
        D:8 |    2370 |      39 |   1.6 |      19 |       1 |   5.0
        D:9 |    2565 |      17 |   0.7 |      30 |       8 |  21.1
       D:10 |     605 |       0 |   0.0 |       3 |       0 |   0.0
    Ossuary |       0 |     156 | 100.0 |       0 |      16 | 100.0
            +---------+---------+-------+---------+---------+-------
